 Dungeon Crawl Stone Soup version 0.29-a0-550-g81e455f4c2 (webtiles) character file.

Game seed: 13406252937843637463

3 Lekart the Sneak (level 1, -5/19 HPs)
             Began as a Draconian Delver on June 5, 2022.
             Slain by a centaur (6 damage)
             ... on level 5 of the Dungeon.
             The game lasted 00:00:25 (171 turns).

Lekart the Sneak (Draconian Delver)                  Turns: 171, Time: 00:00:25

Health: -5/19      AC:  4    Str: 14    XL:     1   Next: 41%
Magic:  1/1        EV: 12    Int: 10    God:
Gold:   21         SH:  0    Dex: 12    Spells: 0/0 levels left

rFire   . . .      SeeInvis .   a - +0 hand axe
rCold   . . .      Faith    .   (no shield)
rNeg    . . .      Spirit   .   (body armour unavailable)
rPois   .          Reflect  .   (helmet restricted)
rElec   .          Harm     .   (no cloak)
rCorr   .          Rampage  .   (no gloves)
Will    .....                   (no boots)
Stlth   +++.......              (no amulet)
HPRegen 0.06/turn               (no ring)
MPRegen 0.07/turn               (no ring)

@: no status effects
A: AC +4, unfitting armour, cold-blooded
a: no special abilities


You were on level 5 of the Dungeon.
You visited 1 branch of the dungeon, and saw 1 of its levels.

You collected 21 gold pieces.

Inventory:

Hand Weapons
 a - a +0 hand axe (weapon)
Wands
 f - a wand of digging (3)
Scrolls
 b - a scroll of fog
 c - 2 scrolls of magic mapping
 d - a scroll of fear
Potions
 e - a potion of haste


   Skills:
 + Level 3.4 Fighting
 + Level 2.1 Axes
 + Level 1.8 Dodging
 - Level 4.5 Stealth


You couldn't memorise any spells.
You didn't know any spells.
Your spell library was empty.

Dungeon Overview and Level Annotations

Branches:
Dungeon (5/15)
 Temple: D:4-7

Altars:


Innate Abilities, Weirdness & Mutations

Your plain brown scales are hard. (AC +4)
You cannot fit into any form of body armour.
You are cold-blooded and may be slowed by cold attacks.


Message History

A centaur comes into view.
The centaur shouts!
The centaur wields a +0 shortbow.
The centaur shoots an arrow.
The arrow closely misses you.
The centaur shoots an arrow.
The arrow barely misses you.
You start waiting.
A centaur is nearby!
The centaur unwields a +0 shortbow.
The centaur closely misses you. The centaur kicks you.
You hit the centaur.
The centaur is lightly wounded.
The centaur misses you.
The centaur kicks you but does no damage.
The centaur closely misses you. The centaur kicks you.
You closely miss the centaur.
The centaur is lightly wounded.
The centaur closely misses you. The centaur kicks you. The centaur hits you.
The centaur kicks you.
You closely miss the centaur.
The centaur is lightly wounded.
The centaur misses you. The centaur kicks you.
You hit the centaur.
The centaur is moderately wounded.
The centaur hits you. The centaur completely misses you. The centaur hits you.
The centaur barely misses you.
You hit the centaur. You tail-slap the centaur.
The centaur is heavily wounded.
The centaur hits you but does no damage.
The centaur barely misses you. x3
You hit the centaur.
The centaur is severely wounded.
The centaur hits you.
* * * LOW HITPOINT WARNING * * *
The centaur kicks you but does no damage.
The centaur misses you.
The centaur kicks you but does no damage.
You closely miss the centaur.
The centaur is severely wounded.
The centaur barely misses you. The centaur misses you. The centaur hits you.
You die...

#..# #..# #..# ..#
####..###########.###
#.†..................
. #.###.........###.#
#.# # #...######.#
#.# #.# ###.##...##
#.# #.# #.#
........@c# #.# #.#
#.# ###.##..#.#
##.###.###.# # #..#.#
#........#.# #..#..
#..###.#.#.# ...##.#
#..###...... ....# ..
#........... .#..##
...#.####...### ..#..
...#.# #...# #. #..
#..#.####...#


You could see a centaur.

Vanquished Creatures
  A worm (D:5)
1 creature vanquished.

Notes
Turn   | Place    | Note
-------+----------+-------------------------------------------
     0 | D:5      | Lekart the Draconian Delver began the quest for the Orb.
     0 | D:5      | Reached XP level 1. HP: 19/19 MP: 1/1
   159 | D:5      | Noticed a centaur
   171 | D:5      | Slain by a centaur

Illustrated notes

Levels and vault maps discovered:
D:5:      layout_basic, uniq_menkaure

Action                   || total
-------------------------++-------
Melee: Hand axe          ||    10
       Tailslap          ||     2
Armor: Skin              ||     4
Dodge: Dodged            ||    16

Table legend: (Time is in decaauts)
 A = Elapsed time spent in this place.
 B = Non-inter-level travel time spent in this place.
 C = Inter-level travel time spent in this place.
 D = Time resting spent in this place.
 E = Time spent auto-exploring this place.
 F = Levels seen in this place.
 G = Mean time per level.
                   A        B        C        D        E       F      G
               +--------+--------+--------+--------+--------+-----+--------+
         Total |    172 |    172 |      0 |      4 |    145 |   1 |  172.0 |
       Dungeon |    172 |    172 |      0 |      4 |    145 |   1 |  172.0 |
               +--------+--------+--------+--------+--------+-----+--------+

Top non-repeatable levels by time:
     D:5: 172 daAuts
